 Dungeon Crawl Stone Soup version 0.21-a0-513-gdcb3f5e (webtiles) character file.

4322 esteth the Spear-Bearer (level 10, -12/70 HPs)
             Began as a Merfolk Gladiator on Dec 2, 2017.
             Was a Follower of Ashenzari.
             Mangled by a two-headed ogre
             ... wielding a +0 giant club
              (24 damage)
             ... on level 8 of the Dungeon.
             The game lasted 00:19:14 (8084 turns).

esteth the Spear-Bearer (Merfolk Gladiator)         Turns: 8084, Time: 00:19:15

Health: -12/70     AC:  9    Str: 15    XL:     10   Next: 33%
Magic:  10/10      EV: 18    Int: 13    God:    Ashenzari [*.....]
Gold:   244        SH:  0    Dex: 15    Spells: 7/9 levels left

rFire    . . .     SeeInvis .   a - +0 trident (curse)
rCold    . . .     Gourm    .   (no shield)
rNeg     . . .     Faith    .   x - +0 ring mail (curse)
rPois    .         Spirit   .   c - +0 helmet (curse)
rElec    .         Reflect  .   (no cloak)
rCorr    .         Harm     .   w - +0 pair of gloves (curse)
MR       .....                  r - +0 pair of boots (curse)
Stlth    +.........             (no amulet)
HPRegen  0.21/turn              i - +2 ring of intelligence
MPRegen  0.12/turn              m - ring of wizardry

@: drained
A: change form in water, swift swim, stealthy swim
a: Curse Item, Scrying, Renounce Religion


You were on level 8 of the Dungeon.
You worshipped Ashenzari.
Ashenzari was aware of your devotion.
You were very hungry.

You visited 2 branches of the dungeon, and saw 9 of its levels.

You collected 244 gold pieces.

Inventory:

Hand Weapons
 a - a cursed +0 trident (weapon)
Missiles
 d - 4 throwing nets (quivered)
Armour
 b - a +0 leather armour
 c - a cursed +0 helmet (worn)
 r - a cursed +0 pair of boots (worn)
 w - a cursed +0 pair of gloves (worn)
 x - a cursed +0 ring mail (worn)
Jewellery
 i - a +2 ring of intelligence (left hand)
 m - a ring of wizardry (right hand)
 u - an uncursed ring of resist corrosion
 C - an uncursed ring of see invisible
Wands
 F - a wand of clouds (4)
Scrolls
 e - a scroll of random uselessness {unknown}
 l - 5 scrolls of teleportation {unknown}
 s - 4 scrolls of magic mapping {unknown}
 y - a scroll of immolation {unknown}
 B - 2 scrolls of blinking {unknown}
 D - 2 scrolls of identify {unknown}
 E - 2 scrolls of fear {unknown}
Potions
 j - a potion of curing
 n - a potion of resistance {unknown}
 o - 2 potions of berserk rage {unknown}
 q - 3 potions of degeneration {unknown}
 t - a potion of ambrosia {unknown}
 v - 4 potions of lignification {unknown}
 z - a potion of cancellation {unknown}
 A - 2 potions of flight {unknown}
Books
 g - a book of Minor Magic

   Spells                             Type                      Level
   a - Magic Dart                     Conjuration                  1
   b - Blink                          Translocation                2
   c - Call Imp                       Summoning                    2
   d - Slow                           Hexes                        2
   e - Conjure Flame                  Conjuration/Fire             3
   f - Mephitic Cloud                 Conjuration/Poison/Air       3
Comestibles
 f - 2 bread rations
 h - 3 meat rations


   Skills:
 + Level 3.1(2.7) Fighting
 - Level 14.0(13.4) Polearms
 - Level 2.0(1.5) Throwing
 + Level 3.9(3.5) Armour
 - Level 12.3(11.8) Dodging


You had 7 spell levels left.
You knew the following spells:

 Your Spells              Type           Power        Failure   Level  Hunger
a - Blink                 Tloc           N/A          32%         2    ###....


Dungeon Overview and Level Annotations

Branches:
Dungeon (8/15)             Temple (1/1) D:4
   Lair: D:8-11

Altars:
Ashenzari
Cheibriados
Dithmenos
Elyvilon
Fedhas
Gozag
Hepliaklqana
Kikubaaqudgha
Makhleb
Nemelex Xobeh
Okawaru
Qazlal
Ru
Sif Muna
Trog
Uskayaw
Vehumet
Wu Jian
Xom
Yredelemnul
Zin
The Shining One

Shops:
D:7 (


Message History

The two-headed ogre is moderately wounded.
The two-headed ogre completely misses you. x2
You puncture the two-headed ogre!
The two-headed ogre is heavily wounded.
You closely miss the two-headed ogre.
The two-headed ogre is heavily wounded.
You hit the two-headed ogre but do no damage.
The two-headed ogre is heavily wounded.
The two-headed ogre hits you with a giant club!
The two-headed ogre hits you with a giant club.
Your ring mail prevents you from hitting the two-headed ogre.
The two-headed ogre is heavily wounded.
You hit the two-headed ogre but do no damage.
The two-headed ogre is heavily wounded.
The two-headed ogre hits you with a giant club!!
* * * LOW HITPOINT WARNING * * *
The two-headed ogre barely misses you.
You feel better. The two-headed ogre closely misses you.
The two-headed ogre hits you with a giant club!!
You die...

##......##
##........##
#..........#
...........#
...........#######
.................#
..)........<.....#
..........#......#
.......@..#......#
.......O.........#
.................#
.............#####
.............#
............##
.......$..#.#
..........#.#
..........#.#


You could see a two-headed ogre.

Vanquished Creatures
  A hippogriff (D:7)
  Eustachio (D:6)
  Sigmund (D:2)
  A water moccasin (D:7)
  An orc warrior (D:6)
  2 ice beasts
  A sky beast (D:7)
  A black bear (D:7)
  A necrophage (D:8)
  9 ogres
  3 centaurs
  Blork the orc (D:4)
  3 bullfrogs
  2 scorpions
  A wyvern skeleton (D:7)
  3 killer bees (D:7)
  2 howler monkeys
  7 wights (D:7)
  2 vampire bats (D:4)
  2 bullfrog zombies
  3 crimson imps
  4 hounds
  3 orc priests (D:7)
  A centaur skeleton (D:4)
  A jelly (D:7)
  An iguana (D:5)
  3 iron imps (D:6)
  Jessica (D:3)
  5 orc wizards
  8 worker ants
  2 hound skeletons
  4 gnolls
  11 adders
  A shadow imp (D:6)
  An ooze (D:5)
  An adder zombie (D:5)
  An adder skeleton (D:4)
  A worm (D:3)
  3 dart slugs
  6 leopard geckos
  14 orcs
  3 bat skeletons (D:4)
  3 bat zombies (D:4)
  12 giant cockroaches
  5 goblins
  11 hobgoblins
  6 jackals
  7 quokkas
  7 bats
  5 frilled lizards
  10 kobolds
  A leopard gecko zombie (D:2)
  9 rats
199 creatures vanquished.

Notes
Turn   | Place    | Note
-------+----------+-------------------------------------------
     0 | D:1      | esteth the Merfolk Gladiator began the quest for the Orb.
     0 | D:1      | Reached XP level 1. HP: 16/16 MP: 1/1
    58 | D:1      | Reached XP level 2. HP: 10/22 MP: 2/2
   452 | D:1      | Reached skill level 5 in Polearms
   669 | D:1      | Reached XP level 3. HP: 27/27 MP: 3/3
   781 | D:2      | Reached skill level 5 in Dodging
   781 | D:2      | Reached XP level 4. HP: 31/33 MP: 4/4
   806 | D:2      | Reached skill level 6 in Polearms
  1693 | D:2      | Reached XP level 5. HP: 27/38 MP: 5/5
  1778 | D:2      | Noticed Sigmund
  1903 | D:2      | Killed Sigmund
  1903 | D:2      | Reached skill level 7 in Polearms
  1903 | D:2      | Reached XP level 6. HP: 44/44 MP: 6/6
  2112 | D:2      | Found a hazy altar of Hepliaklqana.
  2112 | D:2      | Found a stormy altar of Qazlal.
  2415 | D:2      | Reached skill level 8 in Polearms
  2646 | D:3      | Noticed Jessica
  2649 | D:3      | Killed Jessica
  2750 | D:3      | Reached XP level 7. HP: 37/50 MP: 7/7
  3316 | D:4      | Found an ancient bone altar of Kikubaaqudgha.
  3323 | D:4      | Reached skill level 9 in Polearms
  3365 | D:4      | Learned a level 2 spell: Blink
  3519 | D:4      | Reached skill level 10 in Polearms
  3519 | D:4      | Reached XP level 8. HP: 56/56 MP: 8/8
  3533 | D:4      | Found a staircase to the Ecumenical Temple.
  3546 | Temple   | Entered the Ecumenical Temple
  3665 | Temple   | Became a worshipper of Ashenzari the Shackled
  3784 | D:4      | Noticed Blork the orc
  3801 | D:4      | Killed Blork the orc
  4258 | D:5      | Entered Level 5 of the Dungeon
  4468 | D:5      | Reached skill level 10 in Dodging
  4475 | D:5      | Reached skill level 11 in Polearms
  4922 | D:5      | Reached XP level 9. HP: 55/61 MP: 9/9
  5292 | D:5      | Reached * piety under Ashenzari
  5523 | D:5      | Reached skill level 12 in Polearms
  5710 | D:6      | Found a blossoming altar of Fedhas.
  5738 | D:6      | Found a burning altar of Makhleb.
  6077 | D:6      | Noticed Eustachio
  6094 | D:6      | Killed Eustachio
  6296 | D:6      | Reached skill level 13 in Polearms
  6478 | D:7      | Reached skill level 1 in Armour
  6618 | D:7      | Found a radiant altar of Vehumet.
  6747 | D:7      | Reached XP level 10. HP: 33/67 MP: 10/10
  7075 | D:7      | Reached skill level 14 in Polearms
  7231 | D:7      | Found Vowiq's Weapon Boutique.
  7829 | D:7      | Found a shadowy altar of Dithmenos.
  8060 | D:8      | Noticed a two-headed ogre
  8084 | D:8      | Mangled by a two-headed ogre

Vault maps used:
D:1:      erik_arrival_triangle_small
D:2:      minmay_roachtagon, gammafunk_temple_overflow_elements,
          grunt_ministairs_1, kennysheep_generic_room_4, uniq_sigmund
D:3:      uniq_jessica
D:4:      kennysheep_vampire_church, minmay_temple_entry_glass,
          minmay_misc_feat_columns, uniq_blork_the_orc
D:5:      first_bread
D:6:      fedhas_altar_3, demons_altar, uniq_eustachio
D:7:      marbit_many_paths, lemuel_doored_altar, serial_shops, shop
D:8:      enter_bailey_3, minivault_24, the_bakery, lemuel_statue_altar
Temple:   regret_index_temple_waves

Skill      XL: |  1  2  3  4  5  6  7  8  9 10 |
---------------+-------------------------------+-----
Polearms       | 5 6 7 8 10 11 13 14 | 14.0
Dodging        | 5 6 7 9 10 12 | 12.3
Armour         | 2 3 |  3.9
Fighting       | 3 |  3.1
Throwing       | |  2.0

Action                   |  1- 3 |  4- 6 |  7- 9 | 10-12 || total
-------------------------+-------+-------+-------+-------++-------
Melee: Trident           |   104 |   192 |   674 |   190 ||  1160
Invok: Curse Item        |       |       |     3 |     1 ||     4
       Scrying           |       |       |     1 |       ||     1
  Use: Potion            |       |       |     1 |     4 ||     5
 Stab: Sleeping          |     1 |     1 |       |       ||     2
  Eat: Chunk             |       |     2 |     8 |     3 ||    13
       Bread ration      |       |     1 |     1 |       ||     2
       Fruit             |       |       |     1 |       ||     1
Armor: Leather armour    |    11 |    22 |       |       ||    33
       Ring mail         |       |     8 |   121 |    28 ||   157
Dodge: Dodged            |    57 |   129 |   418 |   104 ||   708

Table legend:
 A = Spawn XP
 B = Non-spawn XP
 C = Spawn XP percentage of total XP
 D = Spawn monster count
 E = Non-spawn monster count
 F = Spawn count percentage of total count
 G = Total turns spent on level
                    A         B        C        D         E        F      G
               +---------+---------+-------+---------+---------+-------+---------
         Total |       0 |    6175 |   0.0 |       0 |     199 |   0.0 |  8084
               +---------+---------+-------+---------+---------+-------+---------
           D:1 |       0 |      79 |   0.0 |       0 |      25 |   0.0 |  1477
           D:2 |       0 |     433 |   0.0 |       0 |      44 |   0.0 |  1061
           D:3 |       0 |     300 |   0.0 |       0 |      27 |   0.0 |   744
           D:4 |       0 |     728 |   0.0 |       0 |      25 |   0.0 |   836
           D:5 |       0 |    1002 |   0.0 |       0 |      20 |   0.0 |  1414
           D:6 |       0 |    1465 |   0.0 |       0 |      28 |   0.0 |   757
           D:7 |       0 |    2052 |   0.0 |       0 |      29 |   0.0 |  1607
           D:8 |       0 |     116 |   0.0 |       0 |       1 |   0.0 |    48
               +---------+---------+-------+---------+---------+-------+---------
